 Dungeon Crawl Stone Soup version 0.22-a0-268-g1cc83ef (webtiles) character file.

57 tidbits the Insei (level 4, 0/34 HPs)
             Began as a Gnoll Transmuter on Mar 9, 2018.
             Slain by Grinder (9 damage)
             ... on level 3 of the Dungeon.
             The game lasted 00:03:07 (372 turns).

tidbits the Insei (Gnoll Transmuter)                 Turns: 372, Time: 00:03:08

Health: 0/34       AC:  2    Str: 12      XL:     4   Next: 0%
Magic:  8/11       EV: 14    Int: 14 (17) God:
Gold:   20         SH:  0    Dex: 13 (15) Spells: 10/13 levels left

rFire    . . .     SeeInvis .     - Unarmed
rCold    . . .     Gourm    .   (no shield)
rNeg     . . .     Faith    +   b - +0 robe
rPois    .         Spirit   .   (no helmet)
rElec    .         Reflect  .   (no cloak)
rCorr    .         Harm     .   (no gloves)
MR       .....                  (no boots)
Stlth    ++........             g - amulet of faith
HPRegen  0.11/turn              (no ring)
MPRegen  0.12/turn              (no ring)

@: appendage, flying
A: distributed training, fangs 1, horns 2, strong nose
a: End Transformation


You were on level 3 of the Dungeon.
You were not hungry.
You had grown temporary horns.
You visited 1 branch of the dungeon, and saw 3 of its levels.

You collected 20 gold pieces.

Inventory:

Missiles
 a - 8 arrows
Armour
 b - a +0 robe (worn)
 i - a +0 ring mail
Jewellery
 f - an uncursed ring of ice
   (You found it on level 1 of the Dungeon)
 g - an amulet of faith (around neck)
   (You found it on level 3 of the Dungeon)
Scrolls
 d - a scroll of fog {unknown}
 e - a scroll of amnesia {unknown}
 h - 2 scrolls of identify {unknown}
 j - a scroll of enchant weapon {unknown}
Comestibles
 c - 5 rations


   Skills:
 + Level 2.6 Fighting
 + Level 1.0 Short Blades
 + Level 1.0 Long Blades
 + Level 1.0 Axes
 + Level 1.0 Maces & Flails
 + Level 1.0 Polearms
 + Level 1.0 Staves
 + Level 1.0 Slings
 + Level 1.0 Bows
 + Level 1.0 Crossbows
 + Level 1.0 Throwing
 + Level 1.0 Armour
 + Level 4.6 Dodging
 + Level 1.0 Stealth
 + Level 1.0 Shields
 + Level 6.5 Unarmed Combat
 + Level 5.0 Spellcasting
 + Level 0.7 Conjurations
 + Level 0.7 Hexes
 + Level 0.7 Charms
 + Level 0.7 Summonings
 + Level 0.7 Necromancy
 + Level 0.7 Translocations
 + Level 3.8 Transmutations
 + Level 0.7 Fire Magic
 + Level 0.7 Ice Magic
 + Level 0.7 Air Magic
 + Level 0.7 Earth Magic
 + Level 0.7 Poison Magic
 + Level 1.0 Invocations
 + Level 1.0 Evocations


You had 10 spell levels left.
You knew the following spells:

 Your Spells              Type           Power        Failure   Level  Hunger
e - Beastly Appendage     Tmut           ##....       3%          1    None
k - Sticks to Snakes      Tmut           ##......     5%          2    ##.....


Dungeon Overview and Level Annotations

Branches:
Dungeon (3/15)

Altars:

Annotations:
D:3 Grinder


Innate Abilities, Weirdness & Mutations

Your experience applies equally to all skills.
You have very sharp teeth.
Your uncanny sense of smell can sniff out nearby items.
You have a pair of horns on your head.


Message History

You swing at nothing.
You swing at nothing.
You swing at nothing.
You swing at nothing.
You swing at nothing.
You swing at nothing.
You swing at nothing.
You swing at nothing.
You feel less wooden.
Your +0 robe unmelds from your body.
Items here: ))) [[ ††
Okay, then.
Your extra speed is starting to run out.
A giant cockroach comes into view.
Casting: Beastly Appendage (safe; 3% risk of failure)
Confirm with . or Enter, or press ? or * to list all spells.
Your feet morph into talons.
Really attack while wielding your 4 rations? [Y]es or [N]o only, please.
Really attack while wielding your 4 rations? [Y]es or [N]o only, please.
Really attack while wielding your 4 rations? [Y]es or [N]o only, please.
Really attack while wielding your 4 rations?
Okay, then.
Wield which item (- for none, * to show all)? (? for menu, Esc to quit)
You are now empty-handed.
You barely miss the giant cockroach.
You kill the giant cockroach!
You feel your strength returning.
You have reached level 4!
You feel clever.
Found a purple potion.
You feel yourself slow down.
You start to feel less resistant.
Your transformation is almost over.
You open the door.
Your resistance to elements expires.
Found a small lapis lazuli amulet.
Found a ration.
Found a stone staircase leading up.
There is an open door here.
You see here a small lapis lazuli amulet.
g - a small lapis lazuli amulet Put on which piece of jewellery? (? for menu, Esc to quit)
You feel a strange surge of divine interest.
g - an amulet of faith (around neck)
You see here a ration.
c - 5 rations (gained 1)
Your talons disappear.
There is a stone staircase leading up here.
You climb upwards.
Found 29 stones.
There is a stone staircase leading down here.
Unknown command.
A worm comes into view.
Found a scale mail.
You see here 15 stones.
An adder comes into view.
Found a leather armour.
The adder hisses angrily.
You see here 15 stones.
There is a stone staircase leading down here.
You climb downwards.
There is a stone staircase leading up here.
Unknown command.
You open the door.
There is an open door here.
There is an open door here.
Found a leather armour.
Found a stone staircase leading down.
You see here a leather armour.
You see here a purple potion.
j - a purple potion
Found a scroll labeled ICAUC RIYM.
Found a ration.
Grinder comes into view.
Grinder shouts!
You see here a scroll labeled ICAUC RIYM.
It was a potion of flight.
You feel very buoyant.
You fly up into the air.
j - a scroll labeled ICAUC RIYM
Casting: Beastly Appendage (safe; 3% risk of failure)
Confirm with . or Enter, or press ? or * to list all spells.
You create a snake!
You now have 8 arrows.
Casting: Sticks to Snakes (safe; 5% risk of failure)
Confirm with . or Enter, or press ? or * to list all spells.
You don't know that spell.
Casting: Sticks to Snakes (safe; 5% risk of failure)
Confirm with . or Enter, or press ? or * to list all spells.
You grow a pair of large bovine horns.
You barely miss Grinder. Your bite misses Grinder. Grinder hits you.
* * * LOW HITPOINT WARNING * * *
You punch Grinder!
Grinder is lightly wounded.
Your ball python barely misses Grinder. x2
Grinder grins, showing sharp teeth.
Grinder hits you!
You die...

#.#.# ###.#..#.# #
#.#.#####.#.#....#.#
'.#.....[.#.........
###.###.........#
'.....#.........##
###.#.#..#.#.....# #
#.#....#.#.##..#######
###.............S5.%....
................@##.....
.........###..##.# ..5.
.................. ...
.........##########
..##.....# #..
..##.....# #.#
..##.....# #.# ∆
..##.....# #.#
..##.....###.#


You could see Grinder and a friendly ball python.

Vanquished Creatures
  An orc wizard (D:3)
  An adder (D:2)
  A leopard gecko (D:1)
  2 orcs (D:3)
  A giant cockroach (D:3)
  A goblin (D:3)
  2 hobgoblins (D:1)
  2 jackals (D:1)
  A bat (D:2)
  A frilled lizard (D:1)
  A kobold (D:1)
  5 rats
19 creatures vanquished.

Vanquished Creatures (collateral kills)
  An adder (D:2)
1 creature vanquished.

Grand Total: 20 creatures vanquished

Notes
Turn   | Place    | Note
-------+----------+-------------------------------------------
     0 | D:1      | tidbits the Gnoll Transmuter began the quest for the Orb.
     0 | D:1      | Reached XP level 1. HP: 17/17 MP: 6/6
    77 | D:1      | Reached XP level 2. HP: 18/23 MP: 7/7
    81 | D:1      | Learned a level 2 spell: Sticks to Snakes
   206 | D:2      | Reached skill level 5 in Spellcasting
   206 | D:2      | Reached XP level 3. HP: 21/28 MP: 6/9
   285 | D:3      | Reached skill level 1 in Short Blades
   285 | D:3      | Reached skill level 1 in Long Blades
   285 | D:3      | Reached skill level 1 in Axes
   285 | D:3      | Reached skill level 1 in Maces & Flails
   285 | D:3      | Reached skill level 1 in Polearms
   285 | D:3      | Reached skill level 1 in Staves
   285 | D:3      | Reached skill level 1 in Slings
   285 | D:3      | Reached skill level 1 in Bows
   285 | D:3      | Reached skill level 1 in Crossbows
   285 | D:3      | Reached skill level 1 in Throwing
   285 | D:3      | Reached skill level 1 in Armour
   285 | D:3      | Reached skill level 1 in Stealth
   285 | D:3      | Reached skill level 1 in Shields
   285 | D:3      | Reached skill level 1 in Invocations
   285 | D:3      | Reached skill level 1 in Evocations
   312 | D:3      | Reached XP level 4. HP: 8/34 MP: 9/11
   365 | D:3      | Noticed Grinder
   372 | D:3      | Slain by Grinder

Vault maps used:
D:1:      dpeg_arrival_arbitrary_c
D:2:      bloody_trog
D:3:      uniq_ijyb, uniq_grinder

Skill      XL: |  1  2  3 |
---------------+----------+-----
Spellcasting   | 5 |  5.0
Short Blades   | 1 |  1.0
Long Blades    | 1 |  1.0
Axes           | 1 |  1.0
Maces & Flails | 1 |  1.0
Polearms       | 1 |  1.0
Staves         | 1 |  1.0
Slings         | 1 |  1.0
Bows           | 1 |  1.0
Crossbows      | 1 |  1.0
Throwing       | 1 |  1.0
Armour         | 1 |  1.0
Stealth        | 1 |  1.0
Shields        | 1 |  1.0
Invocations    | 1 |  1.0
Evocations     | 1 |  1.0
Fighting       | |  2.6
Dodging        | |  4.6
Unarmed Combat | |  6.5
Conjurations   | |  0.7
Hexes          | |  0.7
Charms         | |  0.7
Summonings     | |  0.7
Necromancy     | |  0.7
Translocations | |  0.7
Transmutations | |  3.8
Fire Magic     | |  0.7
Ice Magic      | |  0.7
Air Magic      | |  0.7
Earth Magic    | |  0.7
Poison Magic   | |  0.7

Action                   |  1- 3 |  4- 6 || total
-------------------------+-------+-------++-------
Melee: Unarmed           |    49 |     2 ||    51
       Kick              |     7 |       ||     7
       Headbutt          |     3 |       ||     3
       Punch             |     1 |       ||     1
       Bite              |     2 |       ||     2
 Cast: Beastly Appendage |    11 |     1 ||    12
       Sticks to Snakes  |     3 |     1 ||     4
  Use: Potion            |     5 |     1 ||     6
Armor: Robe              |     3 |       ||     3
Dodge: Dodged            |    17 |       ||    17

Table legend:
 A = Spawn XP
 B = Non-spawn XP
 C = Spawn XP percentage of total XP
 D = Spawn monster count
 E = Non-spawn monster count
 F = Spawn count percentage of total count
 G = Total turns spent on level
                    A         B        C        D         E        F      G
               +---------+---------+-------+---------+---------+-------+---------
         Total |       0 |      82 |   0.0 |       0 |      20 |   0.0 |   372
               +---------+---------+-------+---------+---------+-------+---------
           D:1 |       0 |      17 |   0.0 |       0 |      11 |   0.0 |   148
           D:2 |       0 |      23 |   0.0 |       0 |       3 |   0.0 |    77
           D:3 |       0 |      42 |   0.0 |       0 |       6 |   0.0 |   147
               +---------+---------+-------+---------+---------+-------+---------

Table legend:
 A = Turns spent in this place as a percentage of turns spent in the entire game.
 B = Non-inter-level travel turns spent in this place as a percentage of non-inter-level travel turns spent in the entire game.
 C = Inter-level travel turns spent in this place as a percentage of turns spent in this place.
 D = Turns resting spent in this place as a percentage of non-inter-level travel turns spent in this place.
 E = Turns spent auto-exploring this place as a percentage of non-inter-level travel turns spent in this place.
 F = Non-inter-level travel turns spent in this place divided by the number of levels of this place that you've seen.
                   A       B       C       D       E      F
               +-------+-------+-------+-------+-------+----------------------
         Total | 100.0 | 100.0 |   0.0 |   0.0 |   0.0 | 124.0
       Dungeon | 100.0 | 100.0 |   0.0 |   0.0 |   0.0 | 124.0
               +-------+-------+-------+-------+-------+----------------------

Table legend:
 A = Kills in this place as a percentage of kills in entire the game.
 B = Kills by you in this place as a percentage of kills by you in the entire game.
 C = Kills by friends in this place as a percentage of kills by friends in the entire game.
 D = Other kills in this place as a percentage of other kills in the entire game.
 E = Experience gained in this place as a percentage of experience gained in the entire game.
 F = Experience gained in this place divided by the number of levels of this place that you have seen.
                   A       B       C       D       E      F
               +-------+-------+-------+-------+-------+----------------------
         Total | 100.0 | 100.0 | 100.0 |   N/A | 100.0 |  27.3
       Dungeon | 100.0 | 100.0 | 100.0 |   N/A | 100.0 |  27.3
               +-------+-------+-------+-------+-------+----------------------

Vault maps used:
D:1:      dpeg_arrival_arbitrary_c
D:2:      bloody_trog
D:3:      uniq_ijyb, uniq_grinder
